 Dungeon Crawl Stone Soup version 0.28.0-53-g5a82cb258f (webtiles) character file.

Game seed: 5223281383644996099

133 cbfl8 the Skirmisher (level 4, -1/42 HPs)
             Began as a Minotaur Berserker on Aug 5, 2022.
             Was a Follower of Trog.
             Slain by Sigmund
             ... wielding a +0 scythe
              (13 damage)
             ... on level 3 of the Dungeon.
             The game lasted 00:02:51 (3298 turns).

cbfl8 the Skirmisher (Minotaur Berserker)           Turns: 3298, Time: 00:02:51

Health: -1/42      AC:  4    Str: 21    XL:     4   Next: 93%
Magic:  3/3        EV: 12    Int:  4    God:    Trog [*.....]
Gold:   68         SH:  5    Dex: 12    Spells: 3/3 levels left

rFire   . . .      SeeInvis .   a - +0 hand axe
rCold   . . .      Faith    .   (no shield)
rNeg    . . .      Spirit   .   j - +0 leather armour
rPois   .          Reflect  +   (helmet restricted)
rElec   .          Harm     .   (no cloak)
rCorr   .          Rampage  .   m - +0 pair of gloves
Will    .....                   (no boots)
Stlth   +.........              l - amulet of reflection
HPRegen 0.14/turn               (no ring)
MPRegen 0.08/turn               (no ring)

@: on berserk cooldown, slowed, invisible, very slow
A: horns 2, retaliatory headbutt
a: Renounce Religion, Berserk


You were on level 3 of the Dungeon.
You worshipped Trog.
Trog was aware of your devotion.
You visited 1 branch of the dungeon, and saw 3 of its levels.

You collected 68 gold pieces.

Inventory:

Hand Weapons
 a - a +0 hand axe (weapon)
Armour
 b - a +0 animal skin
 j - a +0 leather armour (worn)
 m - a +0 pair of gloves (worn)
Jewellery
 f - an amulet of the acrobat
 l - an amulet of reflection (around neck)
Scrolls
 n - a scroll of teleportation
Potions
 e - 3 potions of flight
 h - 2 potions of might
 i - a potion of haste {unknown}
 k - a potion of lignification {unknown}


   Skills:
 * Level 5.1 Fighting
 + Level 4.7 Axes
 + Level 2.7 Armour
 * Level 3.0 Dodging
 + Level 0.2 Stealth
 * Level 1.1 Evocations


You had 3 spell levels left.
You didn't know any spells.
Your spell library was empty.

Dungeon Overview and Level Annotations

Branches:
Dungeon (3/15)

Altars:

Annotations:
D:3 Sigmund


Innate Abilities, Weirdness & Mutations

You have a pair of horns on your head.
You reflexively headbutt those who attack you in melee.


Message History

Sigmund casts a spell at you. The magic dart hits you!
You feel a strong urge to attack something.
Sigmund gestures at you while chanting.
You are confused.
You're too confused to move!
Sigmund casts a spell at you. The magic dart hits you!
You barely miss Sigmund.
You bump into the rock wall.
Sigmund points at you and mumbles some strange words.
The magic dart hits you.
You feel a strong urge to attack something.
Sigmund points at you and mumbles some strange words.
You resist with some effort.
You are no longer berserk.
You are exhausted.
You feel yourself slow down.
You hit Sigmund. Your headbutt misses Sigmund.
Sigmund is lightly wounded.
Sigmund hits you with a +0 scythe.
Sigmund casts a spell.
Sigmund flickers and vanishes!
Deactivating autopickup; reactivate with Ctrl-A.
You closely miss something.
You feel less confused. Something hits you.
You barely miss something. Your headbutt misses something. Something hits you.
You hit something. Your headbutt misses something. Something hits you!
* * * LOW HITPOINT WARNING * * *
You miss something. Something barely misses you.
It was a potion of invisibility.
You fade into invisibility!
Something hits you.
* * * LOW HITPOINT WARNING * * *
It was a potion of berserk rage.
You're still recovering from your berserk rage.
Something hits you but does no damage.
It was a potion of curing.
You feel better. Something hits you!
You die...

#.. #.# #.### ##
#.########.#<#
....<........#.#####.##
.. ####..............
#. #.####.#####.##
##.#..####.####.#
......{@..........
##.#.#####.####### #.#
#.# #.# #.# #.# .#


There were no monsters in sight!

Vanquished Creatures
  Natasha (thrice) (D:2)
  Robin (D:2)
  An adder (D:2)
  A dart slug (D:1)
  2 bats (D:2)
  An endoplasm (D:1)
  3 giant cockroaches
  13 goblins
  6 hobgoblins
  3 ball pythons
  A kobold (D:1)
  A rat (D:2)
36 creatures vanquished.

Vanquished Creatures (others)
  3 plants (D:2)
3 creatures vanquished.

Grand Total: 39 creatures vanquished

Notes
Turn   | Place    | Note
-------+----------+-------------------------------------------
     0 | D:1      | cbfl8 the Minotaur Berserker began the quest for the Orb.
     0 | D:1      | Reached XP level 1. HP: 19/19 MP: 0/0
   757 | D:1      | Reached XP level 2. HP: 19/27 MP: 1/1
   851 | D:1      | Reached skill level 4 in Fighting
  1562 | D:2      | Noticed Natasha
  1570 | D:2      | Killed Natasha
  1571 | D:2      | Reached XP level 3. HP: 10/34 MP: 2/2
  1736 | D:2      | Noticed Natasha
  1745 | D:2      | Killed Natasha
  1746 | D:2      | Reached XP level 4. HP: 33/41 MP: 3/3
  2058 | D:2      | Noticed Natasha
  2073 | D:2      | Killed Natasha
  2394 | D:2      | Noticed Robin
  2402 | D:2      | Reached skill level 1 in Evocations
  2410 | D:2      | Reached skill level 5 in Fighting
  2411 | D:2      | Killed Robin
  3281 | D:3      | Noticed Sigmund
  3296 | D:3      | HP: 2/42 [something (6)]
  3298 | D:3      | Slain by Sigmund

Illustrated notes

Levels and vault maps discovered:
D:1:      amcnicky_arrival_gap_in_the_tavern_cellar, layout_basic
D:2:      layout_loops_corners, serial_bayou_pond_c, uniq_robin, uniq_natasha
D:3:      layout_basic, shapermc_ecumenical_altar_gd,
          chequers_serial_rivers_micro_a, uniq_terence, uniq_sigmund,
          uniq_grinder

Skill      XL: |  1  2  3  4 |
---------------+-------------+-----
Fighting       | 4 5 |  5.1
Axes           | 4 |  4.7
Dodging        | 3 |  3.0
Evocations     | 1 |  1.1
Armour         | |  2.7
Stealth        | |  0.2

Action                   |  1- 3 |  4- 6 || total
-------------------------+-------+-------++-------
Melee: Hand axe          |    48 |    56 ||   104
       Headbutt          |     7 |     5 ||    12
Invok: Berserk           |     2 |     2 ||     4
  Use: Scroll            |     2 |     1 ||     3
       Potion            |       |     3 ||     3
Armor: Animal skin       |     6 |       ||     6
       Leather armour    |     3 |    10 ||    13
Dodge: Dodged            |    26 |    31 ||    57
Block: Other             |       |     5 ||     5
